 Dungeon Crawl Stone Soup version 0.22.0-16-gc6d26f6 (webtiles) character file.

37 Lew the Skirmisher (level 3, -10/23 HPs)
             Began as a Gargoyle Fighter on Aug 17, 2018.
             Killed by divine providence
             ... invoked by an orc priest
              (17 damage)
             ... on level 2 of the Dungeon.
             The game lasted 00:02:34 (738 turns).

Lew the Skirmisher (Gargoyle Fighter)                Turns: 738, Time: 00:02:35

Health: -10/23     AC: 11    Str: 19    XL:     3   Next: 41%
Magic:  3/3        EV:  8    Int:  8    God:
Gold:   60         SH: 10    Dex: 10    Spells: 2/2 levels left

rFire    . . .     SeeInvis .   a - +0 war axe
rCold    . . .     Gourm    .   c - +1 shield
rNeg     + . .     Faith    .   b - +0 scale mail
rPois    ∞         Spirit   .   (no helmet)
rElec    +         Reflect  .   (no cloak)
rCorr    .         Harm     .   e - +0 pair of gloves
MR       .....                  (no boots)
Stlth    ..........             (no amulet)
HPRegen  0.07/turn              (no ring)
MPRegen  0.08/turn              (no ring)

@: very slightly contaminated
A: negative energy resistance 1, electricity resistance, unbreathing,
petrification resistance, rot immunity, AC +3
a: no special abilities


You were on level 2 of the Dungeon.
You were not hungry.

You visited 1 branch of the dungeon, and saw 2 of its levels.

You collected 60 gold pieces.

Inventory:

Hand Weapons
 a - a +0 war axe (weapon)
Armour
 b - a +0 scale mail (worn)
 c - a +1 shield (worn)
 e - a +0 pair of gloves (worn)
Scrolls
 h - 3 scrolls of remove curse
Potions
 d - a potion of might
 i - 2 potions of ambrosia
Comestibles
 f - 3 rations


   Skills:
 + Level 3.4 Fighting
 + Level 1.9 Axes
 + Level 3.3 Armour
 + Level 2.0 Dodging
 + Level 3.3 Shields


You had 2 spell levels left.
You didn't know any spells.
Your spell library was empty.

Dungeon Overview and Level Annotations

Branches:
Dungeon (2/15)

Altars:

Annotations:
D:2 Robin


Innate Abilities, Weirdness & Mutations

You are resistant to torment.
Your stone body is resilient. (AC +3)
You are immune to poison.
You resist negative energy. (rN+)
You are resistant to electric shocks. (rElec)
You can survive without breathing.
You are immune to petrification.
You are immune to rotting.


Message History

Unknown command.
You hit the orc priest but do no damage.
The orc priest is moderately wounded.
You hit the dart slug.
Your shield and scale mail prevent you from hitting the orc.
You hit the worm. You block the orc's attack. The dart slug barely misses you.
The orc priest calls down the wrath of Beogh upon you.
Pain shoots through your body! The worm bites you but does no damage.
The orc barely misses you.
You hit the orc priest but do no damage.
The orc priest is moderately wounded.
You hit the dart slug. You hit the orc.
You kill the orc!
You hit the worm. You block the orc priest's attack.
The dart slug bites you but does no damage.
The worm bites you but does no damage.
The orc priest invokes the aid of Beogh against you.
Beogh smites you!
Ouch! That really hurt!
You die...

... .. ##.# #. ..#
#..##..# .. .# .
##.#..#... ##.# .###
#.........### #..
#.###
.........#..####.#
.....
...........##...##..#
...#..##o...##.#.....#
#...w@(..###.#.....#
....#.[w.........##.##
. #......>.##.## .#
#.......(..#..# .#
#...........#.## .#
.....##.....##. ##
...###.......#. .##
#......... #........#


You could see a worm, an orc priest and a dart slug.

Vanquished Creatures
  A worm (D:2)
  2 orcs (D:2)
  3 bats (D:1)
  A giant cockroach (D:1)
  3 goblins
  6 hobgoblins
  4 jackals (D:1)
  3 kobolds
  2 frilled lizards (D:2)
  2 rats (D:1)
27 creatures vanquished.

Notes
Turn   | Place    | Note
-------+----------+-------------------------------------------
     0 | D:1      | Lew the Gargoyle Fighter began the quest for the Orb.
     0 | D:1      | Reached XP level 1. HP: 14/14 MP: 1/1
    93 | D:1      | Reached skill level 1 in Dodging
    94 | D:1      | Reached XP level 2. HP: 19/19 MP: 2/2
   681 | D:2      | Noticed Robin
   720 | D:2      | Reached XP level 3. HP: 23/23 MP: 3/3
   738 | D:2      | Killed from afar by an orc priest

Skill      XL: |  1  2 |
---------------+-------+-----
Dodging        | 1 2 |  2.0
Fighting       | |  3.4
Axes           | |  1.9
Armour         | |  3.3
Shields        | |  3.3

Action                   || total
-------------------------++-------
Melee: War axe           ||    95
  Use: Scroll            ||     3
       Potion            ||     2
Armor: Scale mail        ||    68
Dodge: Dodged            ||    47
Block: Shield            ||    80
